 Dungeon Crawl Stone Soup version 0.27-a0-1184-ge86db4a01e (webtiles) character file.

Game seed: 17764723514521362677

54306 freelancePsychic the Brawler (level 14, -16/148 HPs)
             Began as a Troll Berserker on May 18, 2021.
             Was a High Priest of Trog.
             Shot with an arrow by a deep elf archer (30 damage)
             ... on level 1 of the Elven Halls.
             The game lasted 00:47:14 (15561 turns).

freelancePsychic the Brawler (Troll Berserker)     Turns: 15561, Time: 00:47:14

Health: -16/148    AC:  9    Str: 27    XL:     14   Next: 34%
Magic:  11/11      EV: 14    Int:  4    God:    Trog [*****.]
Gold:   1779       SH: 12    Dex: 17    Spells: 13/13 levels left

rFire    . . .     SeeInvis .     - Unarmed
rCold    . . .     Faith    +   p - +0 kite shield
rNeg     . . .     Spirit   .   T - +0 acid dragon scales
rPois    .         Reflect  .   t - +0 hat
rElec    +         Harm     .   j - +0 cloak
rCorr    +         Rampage  .   (gloves unavailable)
Will     +++..                  (boots unavailable)
Stlth    +.........             D - amulet "Westrim" {Faith rElec Dex+6}
HPRegen  2.34/turn              (no ring)
MPRegen  0.12/turn              (no ring)

@: strong-willed (expiring), on berserk cooldown, regenerating (expiring)
A: large, unfitting armour, claws 3, regeneration 1, shaggy fur 1, tough skin 1,
low mp 1, weak 1
a: Renounce Religion, Berserk, Trog's Hand, Brothers in Arms


You were on level 1 of the Elven Halls.
You worshipped Trog.
Trog was extremely pleased with you.
You visited 3 branches of the dungeon, and saw 15 of its levels.
You also visited: Sewer.

You collected 1779 gold pieces.

Inventory:

Missiles
 w - 33 poisoned darts
 x - 8 atropa-tipped darts
 z - 9 curare-tipped darts (quivered)
 C - 42 boomerangs
 I - 6 throwing nets
 J - 3 javelins
 S - 4 large rocks
Armour
 j - a +0 cloak (worn)
 p - a +0 kite shield (worn)
 t - a +0 hat (worn)
 B - a +2 robe of resistance
 T - +0 acid dragon scales (worn)
Jewellery
 g - an amulet of faith
 u - a ring of ice
 D - the amulet "Westrim" (around neck) {Faith rElec Dex+6}
   (You found it on level 6 of the Dungeon)

   [amulet of faith]

   It allows you to gain divine favour quickly.
   It affects your dexterity (+6).
   It insulates you from electricity.
 K - a ring of flight
 N - a ring of resist corrosion
Wands
 v - a wand of charming (10)
 E - a wand of iceblast (12)
 F - a wand of digging (4)
 M - a wand of paralysis (16)
Scrolls
 b - 6 scrolls of teleportation {@r4}
 f - 2 scrolls of fear
 h - 2 scrolls of immolation
 i - a scroll of blinking
 o - 2 scrolls of fog
 y - 3 scrolls of magic mapping
 G - 3 scrolls of enchant weapon
 H - 2 scrolls of vulnerability
 L - a scroll of enchant armour {unknown}
 O - 5 scrolls of summoning {unknown}
 Q - 2 scrolls of identify {@r1}
 R - a scroll of holy word {unknown}
Potions
 a - 2 potions of ambrosia {unknown}
 c - 4 potions of magic
 d - 3 potions of attraction {unknown}
 e - 5 potions of brilliance
 l - 3 potions of curing {@q1}
 m - 2 potions of lignification {unknown}
 n - 2 potions of flight
 q - 3 potions of berserk rage
 r - 2 potions of degeneration {unknown}
 s - 2 potions of resistance {unknown}
 A - a potion of mutation {unknown}
Miscellaneous
 P - a tin of tremorstones (2/2)


   Skills:
 + Level 11.8 Fighting
 + Level 9.4 Dodging
 - Level 9.0 Shields
 + Level 15.2 Unarmed Combat


You had 13 spell levels left.
You didn't know any spells.
Your spell library was empty.

Dungeon Overview and Level Annotations

Branches:
Dungeon (12/15)            Temple (0/1) D:6            Lair (0/6) D:8
    Orc (2/2) D:12            Elf (1/3) Orc:2         Sewer (visited)

Altars:
Elyvilon
Fedhas
Gozag
Hepliaklqana
Kikubaaqudgha
Makhleb
Nemelex Xobeh
Okawaru
Qazlal
Sif Muna
Trog
Uskayaw
Vehumet
Wu Jian
Zin
The Shining One
Beogh

Shops:
D:4 *   Orc:2 [[:?


Innate Abilities, Weirdness & Mutations

You are too large for most types of armour.
You have claws for hands.
Your natural rate of healing is unusually fast.
You are covered in fur. (AC +1)
You have tough skin. (AC +1)
Your magical capacity is low. (-10% MP)
You are weak. (Str -2)


Message History

The deep elf archer casts a spell at you.
You are confused.
The deep elf archer shoots an arrow.
The arrow hits you!
The deep elf archer shoots an arrow.
The arrow hits you but does no damage.
You're too confused to move!
The deep elf archer shoots an arrow.
The arrow hits you!!
The deep elf archer gestures at you while chanting.
You resist with some effort.
The deep elf archer shoots an arrow.
The arrow hits you!!
* * * LOW HITPOINT WARNING * * *
Okay, then.
You feel better.
The deep elf archer shoots an arrow.
You block the arrow.
Your ogre goes berserk!
Your ogre closely misses the deep elf archer.
The deep elf archer blinks!
The deep elf archer shoots an arrow.
The arrow closely misses you.
The deep elf archer shoots an arrow.
The arrow hits you!!
* * * LOW HITPOINT WARNING * * *
The deep elf archer shoots an arrow.
The arrow closely misses you.
Your skin crawls.
You feel strong-willed.
The deep elf archer shoots an arrow.
You block the arrow.
Your ogre barely misses the deep elf archer.
Your ogre barely misses the deep elf archer.
The deep elf archer shoots an arrow.
The arrow hits your ogre!!
The deep elf archer shoots an arrow.
The arrow hits your ogre!!
Your ogre dies!
Your ogre's corpse disappears in a puff of smoke!
The deep elf archer shoots an arrow.
The arrow hits you!
* * * LOW HITPOINT WARNING * * *
The deep elf archer shoots an arrow.
The arrow hits you!!
* * * LOW HITPOINT WARNING * * *
You feel better.
You feel better.
You feel yourself speed up.
You feel the effects of Trog's Hand fading.
The deep elf archer shoots an arrow.
The arrow hits you!
* * * LOW HITPOINT WARNING * * *
The deep elf archer shoots an arrow.
The arrow hits you!!
You die...

.......#.# ....§..#.# ....
.......#.# ... ....☼..#.. ..#
#)# #.# ### #.# #.# ... #.##
##'## #.# #).# ##...## #.#
##.### ##...@.## #.### #.#.##
##.......## #.#.##
###....####.......e.###....##
..........+.........'.......#
###....####.........###....##
#.#.## ##.......## #.#.##
#.### ##.....## #.### ..#
##.))## ##.######## #.##
##)## #.........#


You could see a deep elf archer (repels missiles).

Vanquished Creatures
  Saint Roka (Orc:2)
  A deep elf sorcerer (Elf:1)
  A deep elf annihilator (Elf:1)
  Snorg (Orc:1)
  Harold (D:7)
  A hydra (D:11)
  5 two-headed ogres
  8 dancing weapons
  4 orc high priests (Orc:2)
  5 deep elf knights (Elf:1)
  The ghost of MikuNakano the Spear-Bearer, a novice VSFi of Gozag (D:7)
  A deep elf archer (Elf:1)
  18 deep elf pyromancers
  11 deep elf zephyrmancers
  5 orc knights
  2 orc sorcerers (Orc:1)
  3 cyclopes
  A centaur zombie (D:11)
  A komodo dragon (D:10)
  A kobold demonologist (D:12)
  Maggie (D:7)
  A merfolk (D:9)
  A troll (Orc:2)
  A meliai zombie (D:6)
  An air elemental (Elf:1)
  A water elemental (Elf:1)
  A wraith (D:12)
  9 yaks
  A vampire (D:7)
  Eustachio (D:5)
  A fire elemental (Elf:1)
  2 wyverns
  A warg (Orc:2)
  Duvessa (D:5)
  2 water moccasins
  5 acid dragons
  35 orc warriors
  2 ice beasts
  A sky beast (D:6)
  A black bear (D:7)
  6 ogres
  3 phantoms
  3 centaurs
  3 kobold brigands
  A gnoll sergeant (D:9)
  3 bullfrogs
  Dowan (D:5)
  A wyvern zombie (D:7)
  2 scorpions (D:6)
  2 earth elementals (Elf:1)
  6 killer bees
  4 wights (D:7)
  A spectral centaur (D:7)
  2 howler monkeys (D:10)
  2 hounds
  2 jellies
  A bullfrog skeleton (D:6)
  Crazy Yiuf (D:2)
  28 orc priests
  A gnoll shaman (D:9)
  2 centaur skeletons (D:5)
  An iguana (D:4)
  26 orc wizards
  A killer bee zombie (D:7)
  2 howler monkey zombies
  A mummy (D:7)
  14 gnolls
  9 adders
  2 river rats (Sewer)
  2 white imps
  An ufetubus (D:6)
  A worm (D:2)
  96 orcs
  3 bats
  5 endoplasms
  7 giant cockroaches
  8 goblins
  7 hobgoblins
  2 jackals (D:1)
  22 kobolds
  2 quokkas (D:1)
  6 ball pythons
  14 frilled lizards
  8 rats
456 creatures vanquished.

Vanquished Creatures (collateral kills)
  Nessos (Orc:2)
  An ettin (Orc:2)
  An orc high priest (Orc:2)
  A deep elf archer (Elf:1)
  An orc knight (Orc:2)
  2 yaks (D:11)
  4 orc warriors (Orc:2)
  A centaur (D:12)
  6 orc priests (Orc:2)
  5 orcs (Orc:2)
23 creatures vanquished.

Vanquished Creatures (others)
  2 deep elf knights (Elf:1)
  A deep elf pyromancer (Elf:1)
3 creatures vanquished.

Grand Total: 482 creatures vanquished

Notes
Turn   | Place    | Note
-------+----------+-------------------------------------------
     0 | D:1      | freelancePsychic the Troll Berserker began the quest for
                  | the Orb.
     0 | D:1      | Reached XP level 1. HP: 22/22 MP: 0/0
    96 | D:1      | Reached XP level 2. HP: 29/29 MP: 1/1
   567 | D:2      | Reached XP level 3. HP: 36/36 MP: 2/2
   592 | D:2      | Found a faded altar of an unknown god.
   712 | D:2      | Reached ** piety under Trog
   736 | D:2      | Reached skill level 4 in Unarmed Combat
   776 | D:2      | Found a runed translucent door.
   777 | D:2      | Noticed Crazy Yiuf
   850 | D:2      | Reached XP level 4. HP: 44/44 MP: 3/3
  1133 | D:2      | Killed Crazy Yiuf
  1248 | D:3      | Found a glowing drain.
  1281 | Sewer    | Entered a sewer
  1370 | Sewer    | Reached XP level 5. HP: 53/53 MP: 4/4
  1766 | D:3      | Found a sparkling altar of Nemelex Xobeh.
  1769 | D:3      | Found an opulent altar of Gozag.
  1769 | D:3      | Found a blossoming altar of Fedhas.
  1770 | D:3      | Found a hide-covered altar of Uskayaw.
  1770 | D:3      | Found an ancient bone altar of Kikubaaqudgha.
  1804 | D:3      | Reached skill level 5 in Unarmed Combat
  1880 | D:3      | Reached *** piety under Trog
  2336 | D:4      | Reached XP level 6. HP: 61/61 MP: 5/5
  2445 | D:4      | Found Qideity's General Store.
  2797 | D:4      | Reached skill level 6 in Unarmed Combat
  2797 | D:4      | Reached XP level 7. HP: 68/68 MP: 6/6
  3031 | D:4      | Reached skill level 1 in Shields
  3548 | D:5      | Entered Level 5 of the Dungeon
  3597 | D:5      | Reached **** piety under Trog
  3648 | D:5      | Noticed Eustachio
  3661 | D:5      | Killed Eustachio
  3662 | D:5      | Reached skill level 7 in Unarmed Combat
  3662 | D:5      | Reached XP level 8. HP: 79/79 MP: 7/7
  4545 | D:6      | Found a staircase to the Ecumenical Temple.
  4545 | D:6      | Noticed Duvessa
  4577 | D:6      | Noticed Dowan
  4587 | D:5      | Reached skill level 8 in Unarmed Combat
  4602 | D:5      | Killed Duvessa
  4603 | D:5      | Reached skill level 5 in Fighting
  4660 | D:5      | Killed Dowan
  4836 | D:6      | Reached skill level 9 in Unarmed Combat
  4836 | D:6      | Reached XP level 9. HP: 68/88 MP: 8/8
  4946 | D:6      | Found a shimmering blue altar of Sif Muna.
  5493 | D:6      | Found a white marble altar of Elyvilon.
  5498 | D:6      | Identified the amulet "Westrim" {Faith rElec Dex+6}
  5528 | D:6      | Found a glowing silver altar of Zin.
  5529 | D:6      | Found a glowing golden altar of the Shining One.
  5744 | D:7      | Noticed Maggie
  5807 | D:7      | Killed Maggie
  6035 | D:7      | Reached skill level 10 in Unarmed Combat
  6054 | D:7      | Found a transporter.
  6054 | D:7      | Noticed MikuNakano's ghost (novice VSFi)
  6058 | D:7      | Found a transporter.
  6222 | D:7      | Reached ***** piety under Trog
  6302 | D:7      | Noticed Harold
  6310 | D:7      | Killed Harold
  6311 | D:7      | Reached skill level 5 in Shields
  6311 | D:7      | Reached XP level 10. HP: 100/100 MP: 9/9
  6941 | D:7      | Killed MikuNakano's ghost
  7033 | D:8      | Noticed a two-headed ogre
  7047 | D:8      | Killed a two-headed ogre
  7048 | D:8      | Reached skill level 11 in Unarmed Combat
  7127 | D:8      | Found a stormy altar of Qazlal.
  7239 | D:8      | Found a radiant altar of Vehumet.
  7325 | D:8      | Found a burning altar of Makhleb.
  7357 | D:8      | Noticed a two-headed ogre
  7375 | D:8      | Killed a two-headed ogre
  7665 | D:8      | Found a staircase to the Lair.
  8030 | D:9      | Noticed a two-headed ogre
  8037 | D:9      | Killed a two-headed ogre
  8038 | D:9      | Reached XP level 11. HP: 111/111 MP: 10/10
  8127 | D:9      | Found a bloodstained altar of Trog.
  8166 | D:9      | Paralysed by an orc for 3 turns
  8169 | D:9      | Identified the +3 spear of Cunity {vorpal, *Slow rF+ Dex+4
                  | SInv} (Trog gifted it to you on level 9 of the Dungeon)
  8169 | D:9      | Received a gift from Trog
  8387 | D:9      | Noticed a deep elf pyromancer
  8404 | D:9      | Killed a deep elf pyromancer
  8627 | D:10     | Entered Level 10 of the Dungeon
  8864 | D:10     | Found an iron altar of Okawaru.
  9112 | D:10     | Found a hazy altar of Hepliaklqana.
  9166 | D:10     | Noticed a two-headed ogre
  9174 | D:10     | Killed a two-headed ogre
  9354 | D:10     | Found an ornate altar of the Wu Jian Council.
  9497 | D:11     | Noticed an eight-headed hydra
  9512 | D:11     | Killed a 13-headed hydra
  9517 | D:11     | Reached skill level 12 in Unarmed Combat
 10350 | D:12     | Noticed a deep elf pyromancer
 10366 | D:12     | Killed a deep elf pyromancer
 10411 | D:12     | Noticed a two-headed ogre
 10418 | D:12     | Killed a two-headed ogre
 10677 | D:12     | Reached XP level 12. HP: 122/122 MP: 11/11
 10899 | D:12     | Found a staircase to the Orcish Mines.
 11449 | Orc:1    | Entered Level 1 of the Orcish Mines
 11635 | Orc:1    | Reached skill level 5 in Dodging
 11800 | Orc:1    | Noticed Snorg
 11815 | Orc:1    | Killed Snorg
 12046 | Orc:2    | Entered Level 2 of the Orcish Mines
 12213 | Orc:2    | Noticed an ettin
 12219 | Orc:2    | Killed an ettin
 12220 | Orc:2    | Reached skill level 13 in Unarmed Combat
 12560 | Orc:2    | Received a gift from Trog
 12858 | Orc:2    | Noticed Nessos
 12864 | Orc:2    | HP: 4/126 [Nessos/arrow (5)]
 12867 | Orc:2    | Killed Nessos
 12961 | Orc:2    | Noticed an orc high priest
 12978 | Orc:2    | Killed an orc high priest
 13123 | Orc:2    | Noticed Saint Roka
 13174 | Orc:2    | Killed Saint Roka
 13175 | Orc:2    | Reached skill level 10 in Fighting
 13175 | Orc:2    | Reached XP level 13. HP: 31/133 MP: 12/12
 13431 | Orc:2    | Found a staircase to the Elven Halls.
 13646 | Orc:2    | Received a gift from Trog
 13764 | Orc:2    | Found Dotsi's Armour Boutique.
 13764 | Orc:2    | Found Nikheseo's Antique Armour Boutique.
 13765 | Orc:2    | Found Ussaidib's Book Shop.
 13765 | Orc:2    | Found Maskass's Magic Scroll Boutique.
 13998 | Elf:1    | Entered Level 1 of the Elven Halls
 14003 | Elf:1    | Reached skill level 14 in Unarmed Combat
 14171 | Orc:2    | Gained mutation: Your magical capacity is low. (-10% MP) [a
                  | neqoxec]
 14173 | Orc:2    | Gained mutation: You are weak. (Str -2) [a neqoxec]
 14600 | Elf:1    | Noticed a deep elf annihilator
 14621 | Elf:1    | Killed a deep elf annihilator
 14631 | Elf:1    | Reached XP level 14. HP: 73/146 MP: 11/11
 14970 | Elf:1    | Noticed a deep elf sorcerer
 14988 | Elf:1    | Killed a deep elf sorcerer
 14989 | Elf:1    | Reached skill level 15 in Unarmed Combat
 15559 | Elf:1    | HP: 2/148 [deep elf archer/arrow (24)]
 15561 | Elf:1    | Shot with an arrow by a deep elf archer

Illustrated notes

Levels and vault maps discovered:
D:1:      minmay_arrival_doors, layout_basic, chequers_serial_rivers_micro_c
D:2:      layout_basic, shapermc_ecumenical_altar_mp_highgroup,
          uniq_crazy_yiuf_cottage
D:3:      layout_loops_ring, grunt_temple_overflow_open, gup_sewer_entry_glass,
          grunt_ministairs_4
D:4:      layout_basic, serial_forest, infiniplex_forest_clump_small,
          infiniplex_forest_end_double, infiniplex_forest_lined_room_2,
          infiniplex_forest_lined_room_2, infiniplex_forest_zigzag_1,
          serial_shops, shop, roderic_malta_cross, minmay_pentangle
D:5:      layout_loops_ring, uniq_eustachio
D:6:      layout_basic, good_gods_temple_1, led_sif_book,
          minmay_temple_entry_mist, uniq_duvessa
D:7:      layout_basic, gammafunk_ghost_mausoleum, uniq_harold, uniq_maggie
D:8:      layout_basic, lemuel_doored_altar, lemuel_round_altar,
          old_standard_altar, lair_entry_dummy
D:9:      layout_rooms, amcnicky_altar_gilded, hangedman_fish_farm
D:10:     layout_irregular_city, lemuel_round_altar, lemuel_round_altar,
          nicolae_wu_jian_immortal_techniques, chequers_serial_rivers_large_a
D:11:     layout_irregular_city
D:12:     layout_basic, orc_0_dummy, small_statue_alley_a
Orc:1:    layout_diamond_mine, uniq_snorg
Orc:2:    st_orc_pillars, layout_diamond_mine, basic_altar, uniq_saint_roka,
          uniq_nessos
Elf:1:    minmay_elf_arrival_summoners, layout_loops_corners,
          hangedman_elven_crosses_minicolossus

Skill      XL: |  1  2  3  4  5  6  7  8  9 10 11 12 13 14 |
---------------+-------------------------------------------+-----
Unarmed Combat | 4 5 6 7 9 10 11 12 13 14 15 | 15.2
Fighting       | 3 4 5 6 8 10 11 | 11.8
Dodging        | 3 4 7 8 9 |  9.4
Shields        | 2 3 5 7 9 |  9.0

Action                   |  1- 3 |  4- 6 |  7- 9 | 10-12 | 13-15 || total
-------------------------+-------+-------+-------+-------+-------++-------
Melee: Unarmed           |    98 |   169 |   285 |   545 |   349 ||  1446
       Punch             |     1 |     2 |       |       |       ||     3
Throw: Dart              |       |       |    24 |    11 |       ||    35
Invok: Berserk           |     2 |     6 |    14 |    26 |    13 ||    61
       Trog's Hand       |       |       |     2 |     3 |     2 ||     7
       Brothers in Arms  |       |       |       |     7 |     8 ||    15
  Use: Scroll            |     1 |     8 |     4 |     5 |     5 ||    23
       Potion            |       |       |       |     5 |     5 ||    10
 Stab: Sleeping          |     1 |       |       |       |       ||     1
       Distracted        |       |       |       |       |     1 ||     1
Armor: Animal skin       |    34 |    44 |    42 |       |       ||   120
       Robe              |       |       |    17 |       |       ||    17
       Steam dragon scal |       |       |    14 |    95 |       ||   109
       Acid dragon scale |       |       |       |    38 |    42 ||    80
Dodge: Dodged            |    39 |    73 |    95 |   141 |    97 ||   445
Block: Kite shield       |       |     2 |   134 |   229 |   126 ||   491

Table legend: (Time is in decaauts)
 A = Elapsed time spent in this place.
 B = Non-inter-level travel time spent in this place.
 C = Inter-level travel time spent in this place.
 D = Time resting spent in this place.
 E = Time spent auto-exploring this place.
 F = Levels seen in this place.
 G = Mean time per level.
                   A        B        C        D        E       F      G
               +--------+--------+--------+--------+--------+-----+--------+
         Total |  15953 |  15228 |    725 |   2691 |   9031 |  16 |  997.1 |
       Dungeon |  11512 |  10891 |    621 |   1782 |   7034 |  12 |  959.3 |
  Orcish Mines |   2651 |   2547 |    104 |    671 |   1036 |   2 | 1325.5 |
   Elven Halls |   1395 |   1395 |      0 |    237 |    700 |   1 | 1395.0 |
         Sewer |    393 |    393 |      0 |      0 |    260 |   1 |  393.0 |
               +--------+--------+--------+--------+--------+-----+--------+

Top non-repeatable levels by time:
   Orc:2: 2060 daAuts
     D:6: 1440 daAuts
   Elf:1: 1395 daAuts
    D:12: 1267 daAuts
     D:7: 1253 daAuts
     D:4: 1242 daAuts
     D:8: 967 daAuts
     D:5: 915 daAuts
    D:10: 853 daAuts
    D:11: 820 daAuts
     D:3: 802 daAuts
     D:9: 712 daAuts
     D:2: 711 daAuts
   Orc:1: 591 daAuts
     D:1: 526 daAuts
